 Dungeon Crawl Stone Soup version 0.28.0-53-g5a82cb258f (webtiles) character file.

Game seed: 17718712544350676620

194001 mcbry74 the Severer (level 18, -6/166 HPs)
             Began as a Minotaur Fighter on July 13, 2022.
             Was the Champion of Okawaru.
             Mangled by a jorogumo (8 damage)
             ... while paralysed by a jorogumo
             ... on level 4 of the Spider Nest.
             The game lasted 02:34:38 (29154 turns).

mcbry74 the Severer (Minotaur Fighter)             Turns: 29154, Time: 02:34:43

Health: -6/166     AC: 31    Str: 34    XL:     18   Next: 8%
Magic:  38/42      EV:  2    Int: 12    God:    Okawaru [******]
Gold:   2915       SH:  0    Dex:  9    Spells: 15/17 levels left

rFire   . . .      SeeInvis +   l - +5 broad axe (flame)
rCold   . . .      Faith    .   G - +3 kite shield "Ubuph" {rN+++ MP+9 Dex-4 SInv}
rNeg    + + +      Spirit   .   Z - +7 plate armour "Axywnid" {+Inv}
rPois   .          Reflect  .   Q - +3 hat of Pondering {ponderous, Will+ MP+10 Int+5}
rElec   +          Harm     .   P - scarf {repulsion}
rCorr   +          Rampage  .   e - +0 pair of gloves of Gravitas {rN+}
Will    ++...                   Y - +1 pair of boots
Stlth   ..........              (no amulet)
HPRegen 0.37/turn               z - ring of the Furies {rElec Str+7 Dex+3 Slay+4}
MPRegen 0.28/turn               b - ring of resist corrosion

@: paralysed, lethally poisoned (-6 -> -39), finesse-ful, studying Armour, repel
missiles, slow
A: horns 2, retaliatory headbutt
a: Renounce Religion, Evoke Invisibility, Heroism, Finesse, Duel


You were on level 4 of the Spider Nest.
You worshipped Okawaru.
Okawaru was exalted by your worship.
You visited 5 branches of the dungeon, and saw 28 of its levels.
You also visited: Ice Cave and Volcano.

You collected 3955 gold pieces.
You spent 1040 gold pieces at shops.

Inventory:

Hand Weapons
 l - a +5 broad axe of flaming (weapon)
 S - a +4 broad axe of flaming
Missiles
 f - 6 silver javelins
 g - 5 datura-tipped darts
 k - 15 atropa-tipped darts
 t - 15 poisoned darts (quivered)
 E - 18 javelins
 U - 7 silver boomerangs
 W - 4 throwing nets
Armour
 e - the +0 pair of gloves of Gravitas (worn) {rN+}
   (Okawaru gifted it to you on level 1 of the Spider Nest)

   rN:        It protects you from negative energy.
 G - the +3 kite shield "Ubuph" (worn) {rN+++ MP+9 Dex-4 SInv}
   (Okawaru gifted it to you on level 4 of the Spider Nest)

   Dex:       It affects your dexterity (-4).
   rN:        It renders you almost immune to negative energy.
   MP:        It affects your magic capacity (+9).
   SInv:      It lets you see invisible.
 P - a scarf of repulsion (worn)
 Q - the +3 hat of Pondering (worn) {ponderous, Will+ MP+10 Int+5}
   (You took it off Gastronok on level 8 of the Dungeon)

   Int:       It affects your intelligence (+5).
   MP:        It affects your magic capacity (+10).
   Will:      It increases your willpower.
 Y - a +1 pair of boots (worn)
 Z - the +7 plate armour "Axywnid" (worn) {+Inv}
   (Okawaru gifted it to you on level 3 of the Lair of Beasts)

   +Inv:      It lets you turn invisible.
Jewellery
 b - a ring of resist corrosion (right hand)
 c - a ring of positive energy
 m - a ring of see invisible
 s - a ring of protection from cold
 u - a ring of protection from fire
 w - a ring of ice
 y - the amulet "Ucarph" {-Cast rPois rF+ rC+ Regen+}
   (You acquired it on level 4 of the Dungeon)

   [amulet of regeneration]

   rF:        It protects you from fire.
   rC:        It protects you from cold.
   rPois:     It protects you from poison.
   -Cast:     It prevents spellcasting.
   Regen:     It increases your rate of health regeneration.
 z - the ring of the Furies (left hand) {rElec Str+7 Dex+3 Slay+4}
   (You acquired it on level 4 of the Dungeon)

   [ring of slaying]

   Str:       It affects your strength (+7).
   Dex:       It affects your dexterity (+3).
   Slay:      It affects your accuracy & damage with ranged weapons and melee
   (+4).
   rElec:     It insulates you from electricity.
 C - a ring of fire
 I - the ring of Wiexe {Fire rElec Will+ Int+6 Dex-5}
   (You found it in an ice cave)

   [ring of fire]

   It enhances your fire magic.
   Int:       It affects your intelligence (+6).
   Dex:       It affects your dexterity (-5).
   rF:        It protects you from fire.
   rC:        It makes you vulnerable to cold.
   rElec:     It insulates you from electricity.
   Will:      It increases your willpower.
 N - a +4 ring of evasion
Wands
 n - a wand of acid (5)
 o - a wand of iceblast (37)
 B - a wand of flame (36)
 K - a wand of paralysis (6)
 O - a wand of mindburst (37)
 R - a wand of digging (38)
Scrolls
 i - 6 scrolls of blinking
 j - 2 scrolls of magic mapping
 p - 5 scrolls of immolation
 r - 18 scrolls of teleportation
 D - 3 scrolls of holy word
 H - a scroll of fog
 J - 3 scrolls of silence
 M - 5 scrolls of fear
Potions
 d - a potion of might
 h - 10 potions of haste
 v - 10 potions of curing
 x - 4 potions of resistance
 A - 4 potions of ambrosia
 F - 3 potions of invisibility
 L - 2 potions of berserk rage
 V - a potion of heal wounds
Miscellaneous
 a - a tin of tremorstones (2/2)
 q - a phial of floods
 T - a condenser vane


   Skills:
 + Level 15.9 Fighting
 - Level 18.0 Axes
 + Level 13.0 Throwing
 + Level 14.8 Armour
 + Level 10.4 Dodging
 - Level 4.0 Shields
 + Level 6.6 Transmutations
 - Level 9.0 Invocations
 + Level 10.9 Evocations


You had 15 spell levels left.
You knew the following spells:

 Your Spells              Type           Power      Damage    Failure   Level
a - Wereblood             Tmut           15%        N/A       41%         2

Your spell library contained the following spells:

 Spells                   Type           Power      Damage    Failure   Level
 Spider Form              Tmut/Pois      7%         N/A       98%         3
 Pain                     Necr           0%         1d4       99%         1
 Shock                    Conj/Air       0%         1d3       99%         1
 Ensorcelled Hibernation  Hex/Ice        0%         N/A       100%        2
 Sublimation of Blood     Necr           0%         N/A       100%        2
 Dazzling Flash           Conj/Hex       0%         N/A       100%        3
 Portal Projectile        Hex/Tloc       0%         N/A       100%        3
 Swiftness                Air            0%         N/A       100%        3
 Vampiric Draining        Necr           0%         2d6       100%        3
 Airstrike                Air            0%         N/A       100%        4
 Anguish                  Hex/Necr       0%         N/A       100%        4
 Leda's Liquefaction      Hex/Erth       0%         N/A       100%        4
 Passage of Golubria      Tloc           0%         N/A       100%        4
 Petrify                  Tmut/Erth      7%         N/A       100%        4
 Agony                    Necr           0%         N/A       100%        5
 Excruciating Wounds      Necr           0%         N/A       100%        5
 Irradiate                Conj/Tmut      3%         3d14      100%        5
 Iskenderun's Battlesphe  Conj           0%         2d6       100%        5
 Silence                  Hex/Air        0%         N/A       100%        5
 Iron Shot                Conj/Erth      0%         9d1       100%        6
 Lehudib's Crystal Spear  Conj/Erth      0%         10d2      100%        8
 Animate Skeleton         Necr           Unusable   N/A       N/A         1
 Call Canine Familiar     Summ           Unusable   N/A       N/A         3
 Spellforged Servitor     Conj/Summ      Unusable   N/A       N/A         7
 Summon Hydra             Summ           Unusable   N/A       N/A         7

Dungeon Overview and Level Annotations

Branches:
Dungeon (15/15)            Temple (1/1) D:7            Lair (6/6) D:11
 Shoals (0/4) Lair:2       Spider (4/4) Lair:2        Slime (0/5) Lair:5
    Orc (2/2) D:12            Elf (0/3) Orc:2        Vaults (0/5) D:13
 Depths (0/4) D:15          IceCv (visited)         Volcano (visited)

Altars:
Cheibriados
Dithmenos
Elyvilon
Fedhas
Gozag
Hepliaklqana
Kikubaaqudgha
Makhleb
Nemelex Xobeh
Okawaru
Qazlal
Ru
Sif Muna
Trog
Uskayaw
Vehumet
Xom
Yredelemnul
Zin
The Shining One
Jiyva

Shops:
D:1 =   D:10 *   Orc:2 ::*?*[(!

Portals:
Hell: Lair:6

Annotations:
D:4 3 runed translucent doors, zielscheibe's ghost, amateur DgIE


Innate Abilities, Weirdness & Mutations

You have a pair of horns on your head.
You reflexively headbutt those who attack you in melee.


Message History

You block the entropy weaver's attack. x2
The entropy weaver hits you but does no damage.
The emperor scorpion stings you.
You are poisoned.
The emperor scorpion poisons you!
You block the emperor scorpion's attack.
The emperor scorpion claws you but does no damage.
You barely miss the entropy weaver.
Your headbutt misses the entropy weaver.
The entropy weaver is almost dead.
You hit the jorogumo. You burn the jorogumo. You slash the emperor scorpion!
You burn the emperor scorpion.
You feel very sick. The jorogumo casts a spell at you.
The stream of webbing is repelled.
You slash the entropy weaver! You burn the entropy weaver!
You kill the entropy weaver!
Okawaru accepts your kill.
You barely miss the emperor scorpion. You hit the jorogumo.
You burn the jorogumo.
You feel sick. The emperor scorpion stings you!
* * * LOW HITPOINT WARNING * * *
You are lethally poisoned!
The emperor scorpion poisons you!
You block the emperor scorpion's attack.
The emperor scorpion claws you but does no damage.
* * * LOW HITPOINT WARNING * * *
You feel extremely sick.
The emperor scorpion stings you but does no damage.
The emperor scorpion claws you but does no damage.
You block the emperor scorpion's attack.
The jorogumo hits you!
* * * LOW HITPOINT WARNING * * *
You suddenly lose the ability to move!
* * * LOW HITPOINT WARNING * * *
You feel extremely sick. The emperor scorpion stings you!
* * * LOW HITPOINT WARNING * * *
The emperor scorpion claws you but does no damage. x2
The jorogumo hits you!
You die...

^..#.....#...###
.#...#)..#.#...######
...#....^#^..$.#....#
..^....#<#..#..^.....
..#......#...†...†.#.
..#.)....^...s...†.######
...^...^##...#.^†††...†[##
..##.....#^†##^Hs....^...##
.....)...#†.†...@.........#
..[#.....#................##
...)####^#......#...#......#
..†....^..^.....#..........#
^<.......#............#.####
†..#.^...#.........^....#
.[.#<#...#...##...^...###
...#.#...#.....#†..####
......^..#.....#....#


You could see an emperor scorpion, a jorogumo and an orb spider.

Vanquished Creatures
  Nikola (Spider:1)
  Gastronok (D:8)
  2 emperor scorpions
  An orc warlord (Orc:2)
  A ghost moth (Spider:2)
  A stone giant (D:15)
  5 broodmothers
  A war gargoyle (D:12)
  Nessos (Lair:5)
  3 entropy weavers
  5 spark wasps
  An ettin (D:12)
  Josephine (Lair:5)
  13 hydras
  Harold (D:8)
  2 rakshasas (D:12)
  2 boulder beetles
  2 jorogumos (Spider:1)
  2 centaur warriors
  9 two-headed ogres
  A tengu warrior (D:12)
  3 orc high priests (Orc:2)
  A sun demon (Lair:6)
  Nergalle (Lair:2)
  3 sun moths
  7 pharaoh ants
  5 steelbarb worms
  A wizard (Lair:6)
  7 skeletal warriors
  2 bog bodies (IceCv)
  11 orb spiders
  3 spectral wolf spiders (Spider:1)
  Pikel (D:8)
  6 deep elf pyromancers
  5 orc knights
  15 wolf spiders
  A deep elf archer (Volcano)
  7 cyclopes
  4 manticores
  6 orc sorcerers
  An oklob plant (Lair:3)
  10 ugly things
  3 wolf spider zombies (Spider:1)
  4 moths of wrath
  Joseph (D:10)
  7 elephants
  An ice statue (IceCv)
  4 black mambas
  4 torpor snails
  Maurice (D:8)
  An orange demon (Lair:6)
  12 cane toads
  3 gargoyles
  11 komodo dragons
  2 kobold demonologists
  10 demonic crawlers
  Psyche (D:8)
  An efreet (D:13)
  7 rime drakes
  2 freezing wraiths
  An entropy weaver simulacrum (IceCv)
  An unseen horror (D:8)
  3 ice devils (Lair:6)
  An anaconda simulacrum (IceCv)
  A hellwing (Lair:6)
  2 red devils (Lair:6)
  A polar bear (Lair:6)
  12 meliai
  9 trolls
  A hornet (D:10)
  2 wind drakes (shapeshifter)
  7 wolf spider simulacra
  28 tarantellas
  15 blink frogs
  4 slime creatures (D:13)
  22 dream sheep
  22 culicivoras
  A snapping turtle (Lair:2)
  A jumping spider (shapeshifter) (D:13)
  2 centaur simulacra (D:12)
  23 jumping spiders
  A shadow (D:13)
  51 yaks
  6 basilisks
  2 dire elephant simulacra (IceCv)
  4 fire elementals (Volcano)
  7 wyverns
  8 wraiths
  38 redbacks
  18 vampire mosquitoes
  A death yak simulacrum (IceCv)
  A redback (shapeshifter) (D:13)
  A harpy simulacrum (IceCv)
  3 swamp worms (Lair:6)
  A hydra simulacrum (Lair:2)
  Edmund (D:4)
  5 hell hounds
  2 acid dragons
  15 water moccasins
  30 orc warriors
  3 black bears
  An ice beast (D:6)
  A sky beast (D:3)
  2 necrophages
  6 ogres
  4 centaurs
  13 wolves
  A phantom (D:4)
  2 lemures (D:8)
  A kobold brigand (D:7)
  2 cane toad simulacra (IceCv)
  2 wyvern zombies
  3 scorpions
  12 bullfrogs
  A gnoll sergeant (D:9)
  10 two-headed ogre simulacra (IceCv)
  An elephant simulacrum (IceCv)
  A water moccasin skeleton (D:5)
  2 killer bees (Spider:4)
  A rime drake simulacrum (Lair:2)
  15 wights
  2 howler monkeys (D:14)
  8 electric eels
  3 centaur zombies
  A komodo dragon simulacrum (Lair:2)
  A centaur skeleton (D:6)
  21 orc priests
  4 hounds
  2 gnoll shamans
  3 iguanas
  26 orc wizards
  6 hell rats (Lair:6)
  7 spriggan simulacra (IceCv)
  7 troll simulacra (IceCv)
  A polar bear simulacrum (IceCv)
  3 killer bee zombies
  A bullfrog simulacrum (Lair:2)
  3 hound skeletons (D:4)
  2 howler monkey zombies
  9 adders
  19 gnolls
  A howler monkey skeleton (D:7)
  4 naga simulacra (IceCv)
  8 white imps
  2 ufetubi
  76 orcs
  6 endoplasms
  5 giant cockroaches
  9 goblins
  6 hobgoblins
  7 jackals
  2 quokkas (D:1)
  5 ball pythons
  2 frilled lizards (D:1)
  16 kobolds
  4 rats (D:1)
  A bush (D:11)
952 creatures vanquished.

Vanquished Creatures (others)
  A jumping spider (Spider:4)
  A killer bee (Spider:4)
  A bush (D:10)
  25 fungi
  71 plants
99 creatures vanquished.

Grand Total: 1051 creatures vanquished

Notes
Turn   | Place    | Note
-------+----------+-------------------------------------------
     0 | D:1      | mcbry74 the Minotaur Fighter began the quest for the Orb.
     0 | D:1      | Reached XP level 1. HP: 19/19 MP: 0/0
   314 | D:1      | Reached XP level 2. HP: 27/27 MP: 1/1
   384 | D:1      | Found Beufug's Jewellery Boutique.
   404 | D:1      | Reached skill level 3 in Axes
  1210 | D:2      | Reached XP level 3. HP: 33/33 MP: 2/2
  2372 | D:3      | Reached XP level 4. HP: 40/40 MP: 3/3
  2542 | D:3      | Reached skill level 4 in Axes
  2959 | D:3      | Reached XP level 5. HP: 47/47 MP: 4/4
  2976 | D:3      | Reached skill level 1 in Throwing
  3010 | D:3      | Noticed a sky beast
  3030 | D:3      | Killed a sky beast
  3031 | D:3      | Reached skill level 5 in Axes
  3416 | D:4      | Found a runed translucent gate.
  3416 | D:4      | Found a runed translucent gate.
  3419 | D:4      | Noticed a phantom
  3426 | D:4      | Killed a phantom
  3427 | D:4      | Reached skill level 5 in Fighting
  3427 | D:4      | Reached skill level 5 in Armour
  3427 | D:4      | Reached XP level 6. HP: 56/56 MP: 5/5
  3431 | D:4      | Found a runed translucent gate.
  3431 | D:4      | Noticed zielscheibe's ghost (amateur DgIE)
  3460 | D:4      | Identified 2 scrolls of acquirement
  3460 | D:4      | Acquired the ring of the Furies {rElec Str+7 Dex+3 Slay+4}
  3463 | D:4      | Acquired the amulet "Ucarph" {-Cast rPois rF+ rC+ Regen+}
  3684 | D:4      | Noticed Edmund
  3694 | D:4      | Killed Edmund
  3695 | D:4      | Reached skill level 6 in Axes
  3695 | D:4      | Reached XP level 7. HP: 57/61 MP: 6/6
  3855 | D:4      | Identified the ring of Bicap {rPois rN+ Will- Dex+6}
  4113 | D:5      | Entered Level 5 of the Dungeon
  4225 | D:5      | Reached skill level 7 in Axes
  4271 | D:5      | Reached XP level 8. HP: 70/70 MP: 7/7
  4603 | D:6      | Reached skill level 8 in Axes
  4789 | D:6      | Reached skill level 9 in Axes
  4791 | D:6      | Reached XP level 9. HP: 69/79 MP: 8/8
  4954 | D:6      | Reached skill level 5 in Throwing
  5065 | D:7      | Found a staircase to the Ecumenical Temple.
  5077 | Temple   | Entered the Ecumenical Temple
  5234 | Temple   | Became a worshipper of Warmaster Okawaru
  5315 | D:7      | You fall into a shaft and drop 1 floor!
  5373 | D:8      | Reached skill level 10 in Axes
  5470 | D:8      | Noticed Maurice
  5494 | D:8      | Killed Maurice
  5494 | D:8      | Reached * piety under Okawaru
  5495 | D:8      | Reached skill level 1 in Invocations
  5495 | D:8      | Reached skill level 1 in Evocations
  5539 | D:8      | Noticed Gastronok
  5557 | D:8      | Killed Gastronok
  5557 | D:8      | Reached ** piety under Okawaru
  5558 | D:8      | Reached XP level 10. HP: 60/90 MP: 7/10
  5605 | D:8      | Found an opulent altar of Gozag.
  5609 | D:8      | Noticed a two-headed ogre
  5624 | D:8      | Killed a two-headed ogre
  5625 | D:8      | Reached skill level 11 in Axes
  5668 | D:8      | Noticed Psyche
  5694 | D:8      | Killed Psyche
  5694 | D:8      | Reached *** piety under Okawaru
  5747 | D:8      | Noticed Pikel
  5751 | D:8      | Killed Pikel
  5848 | D:8      | Noticed a two-headed ogre
  5862 | D:8      | Killed a two-headed ogre
  6024 | D:8      | Noticed Harold
  6036 | D:8      | Killed Harold
  6037 | D:8      | Reached skill level 12 in Axes
  6434 | D:9      | Noticed a gargoyle
  6437 | D:9      | Killed a gargoyle
  6438 | D:9      | Reached XP level 11. HP: 97/97 MP: 13/13
  6455 | D:9      | Reached **** piety under Okawaru
  6675 | D:9      | Noticed a two-headed ogre
  6684 | D:9      | Killed a two-headed ogre
  7148 | D:10     | Entered Level 10 of the Dungeon
  7357 | D:10     | Found a bloodstained altar of Trog.
  7358 | D:10     | Found a basalt altar of Yredelemnul.
  7373 | D:10     | Found a shadowy altar of Dithmenos.
  7424 | D:10     | Noticed Joseph
  7442 | D:10     | Killed Joseph
  7482 | D:10     | Received a gift from Okawaru
  7534 | D:10     | Noticed a two-headed ogre
  7541 | D:10     | Killed a two-headed ogre
  7541 | D:10     | Reached ***** piety under Okawaru
  7542 | D:10     | Reached skill level 13 in Axes
  7627 | D:10     | Found Joclyufe's Overcharged Wands.
  8062 | D:11     | Reached skill level 10 in Fighting
  8204 | D:11     | Reached skill level 5 in Invocations
  8343 | D:11     | Found a blossoming altar of Fedhas.
  8383 | D:11     | Noticed a two-headed ogre
  8388 | D:11     | Killed a two-headed ogre
  8389 | D:11     | Reached skill level 10 in Armour
  8568 | D:11     | Found a staircase to the Lair.
  8589 | Lair:1   | Entered Level 1 of the Lair of Beasts
  8705 | Lair:1   | Received a gift from Okawaru
  8709 | Lair:1   | Reached skill level 5 in Evocations
  8716 | Lair:1   | Reached skill level 1 in Dodging
  8861 | Lair:1   | Received a gift from Okawaru
  8867 | Lair:1   | Reached XP level 12. HP: 96/107 MP: 15/15
  8955 | Lair:1   | Noticed a four-headed hydra
  8965 | Lair:1   | Killed a one-headed hydra
  8966 | Lair:1   | Reached skill level 14 in Axes
  9081 | Lair:1   | Noticed a four-headed hydra
  9086 | Lair:1   | Killed a one-headed hydra
  9086 | Lair:1   | Received a gift from Okawaru
  9693 | Lair:2   | Found a transporter.
  9745 | Lair:2   | Found a transporter.
  9801 | Lair:2   | Noticed a five-headed hydra
  9809 | Lair:2   | Killed a two-headed hydra
  9886 | Lair:2   | You fall into a shaft and drop 1 floor!
  9932 | Lair:3   | Received a gift from Okawaru
 10007 | Lair:3   | Received a gift from Okawaru
 10049 | Lair:3   | Reached ****** piety under Okawaru
 10049 | Lair:3   | Received a gift from Okawaru
 10127 | Lair:3   | Noticed an eight-headed hydra
 10142 | Lair:3   | Killed a five-headed hydra
 10142 | Lair:3   | Received a gift from Okawaru
 10162 | Lair:3   | Noticed a seven-headed hydra
 10168 | Lair:3   | Killed a six-headed hydra
 10194 | Lair:3   | Found the +1 robe of Vines {NoPotionHeal Regen++++}
 10272 | Lair:3   | Received a gift from Okawaru
 10305 | Lair:3   | Reached skill level 5 in Dodging
 10450 | Lair:3   | Reached XP level 13. HP: 106/117 MP: 17/17
 10690 | Lair:3   | Identified the +7 plate armour "Axywnid" {+Inv} (Okawaru
                  | gifted it to you on level 3 of the Lair of Beasts)
 10690 | Lair:3   | Received a gift from Okawaru
 11542 | Lair:5   | Found a staircase to the Slime Pits.
 11544 | Lair:5   | Found a viscous altar of Jiyva.
 11556 | Lair:5   | Noticed Josephine
 11564 | Lair:5   | Killed Josephine
 11665 | Lair:5   | Found a dark tunnel.
 11670 | Volcano  | Entered a volcano
 11768 | Volcano  | Identified the +3 ring mail of the Baker {+Inv rPois rF-
                  | Regen+} (Okawaru gifted it to you in a volcano)
 11768 | Volcano  | Received a gift from Okawaru
 11838 | Volcano  | Reached skill level 10 in Throwing
 12325 | Lair:5   | Noticed Nessos
 12342 | Lair:5   | Killed Nessos
 12823 | Lair:6   | Entered Level 6 of the Lair of Beasts
 12970 | Lair:6   | Reached XP level 14. HP: 123/129 MP: 19/19
 13159 | Lair:6   | Received a gift from Okawaru
 13266 | Lair:6   | Found a burning altar of Makhleb.
 13292 | Lair:6   | Found a gateway to Hell.
 13799 | Lair:6   | Received a gift from Okawaru
 13973 | Lair:6   | Identified the amulet "Janlalusch" {Spirit Harm rC+}
 14810 | Lair:2   | Identified the +2 helmet "Fuejagev" {Harm}
 14837 | Lair:2   | Found a staircase to the Shoals.
 14941 | Lair:2   | Found an iron altar of Okawaru.
 15056 | Lair:2   | Noticed Nergalle
 15063 | Lair:2   | Killed Nergalle
 15098 | Lair:2   | Found a hole to the Spider Nest.
 15441 | D:12     | Found a staircase to the Orcish Mines.
 15786 | D:12     | Noticed a war gargoyle
 15792 | D:12     | Killed a war gargoyle
 15979 | Orc:1    | Entered Level 1 of the Orcish Mines
 16180 | Orc:1    | Reached skill level 15 in Axes
 16228 | Orc:1    | Found a frozen archway.
 16232 | IceCv    | Entered an ice cave
 16301 | IceCv    | Reached XP level 15. HP: 138/138 MP: 20/20
 16649 | IceCv    | Received a gift from Okawaru
 16766 | IceCv    | Identified the ring of Wiexe {Fire rElec Will+ Int+6 Dex-5}
 17628 | Orc:2    | Entered Level 2 of the Orcish Mines
 17628 | Orc:2    | Found Daoquok's Magic Scroll Emporium.
 17711 | Orc:2    | Received a gift from Okawaru
 17777 | Orc:2    | Noticed an orc warlord
 17792 | Orc:2    | HP: 6/138 [orc warlord/+1 long sword of electrocution (34)]
 17917 | Orc:2    | Killed an orc warlord
 18067 | Orc:2    | Bought a scroll of teleportation for 51 gold pieces
 18067 | Orc:2    | Bought a scroll of blinking for 127 gold pieces
 18067 | Orc:2    | Bought a scroll of teleportation for 51 gold pieces
 18067 | Orc:2    | Bought a scroll of enchant weapon for 127 gold pieces
 18106 | Orc:2    | Found Alenafagh's Distillery.
 18106 | Orc:2    | Found Iddelyjo's Assorted Antiques.
 18125 | Orc:2    | Bought a masterwork scale mail for 288 gold pieces
 18125 | Orc:2    | Identified the +1 scale mail of Music {Regen+} (You bought
                  | it in a shop on level 2 of the Orcish Mines)
 18144 | Orc:2    | Bought a potion of heal wounds for 55 gold pieces
 18198 | Orc:2    | Found a staircase to the Elven Halls.
 18229 | Orc:2    | Found Uskyhih's Book Shop.
 18241 | Orc:2    | Learned a level 2 spell: Wereblood
 18715 | Orc:2    | Found Bore's General Store.
 18716 | Orc:2    | Found Ezxir Joyw's Book Emporium.
 18718 | Orc:2    | Found Qiah Hafrugh's Antique Armour Shoppe.
 18718 | Orc:2    | Found Salafawk's Antique Weapon Shoppe.
 18733 | Orc:2    | Bought a scroll of enchant weapon for 112 gold pieces
 18733 | Orc:2    | Bought 6 javelins for 72 gold pieces
 18733 | Orc:2    | Bought a scroll of enchant weapon for 112 gold pieces
 18733 | Orc:2    | Bought a scroll of teleportation for 45 gold pieces
 19034 | D:13     | Found a gate to the Vaults.
 19307 | D:13     | Reached skill level 1 in Transmutations
 19310 | D:13     | Identified the +2 ring mail of Nice Joy {+Inv rElec rF-
                  | rCorr} (Okawaru gifted it to you on level 13 of the
                  | Dungeon)
 19310 | D:13     | Received a gift from Okawaru
 19938 | D:13     | Reached skill level 16 in Axes
 20079 | D:14     | Found a sacrificial altar of Ru.
 20264 | D:14     | Reached XP level 16. HP: 147/147 MP: 21/21
 20661 | D:15     | Entered Level 15 of the Dungeon
 20673 | D:15     | Found a staircase to the Depths.
 20862 | D:15     | Acquired 554 gold pieces
 21460 | Spider:1 | Entered Level 1 of the Spider Nest
 21504 | Spider:1 | Reached skill level 5 in Transmutations
 21558 | Spider:1 | Reached skill level 10 in Evocations
 21705 | Spider:1 | Received a gift from Okawaru
 21877 | Spider:1 | Reached XP level 17. HP: 142/154 MP: 22/22
 22009 | Spider:1 | Reached skill level 15 in Fighting
 22113 | Spider:1 | Identified the +0 pair of gloves of Gravitas {rN+} (Okawaru
                  | gifted it to you on level 1 of the Spider Nest)
 22113 | Spider:1 | Received a gift from Okawaru
 22594 | Spider:1 | Noticed Nikola
 22618 | Spider:1 | Killed Nikola
 22742 | Spider:1 | Reached skill level 17 in Axes
 24613 | Spider:3 | Received a gift from Okawaru
 25184 | Spider:4 | Entered Level 4 of the Spider Nest
 26203 | Spider:3 | Reached skill level 10 in Dodging
 27135 | Spider:4 | Identified the +3 kite shield "Ubuph" {rN+++ MP+9 Dex-4
                  | SInv} (Okawaru gifted it to you on level 4 of the Spider
                  | Nest)
 27135 | Spider:4 | Received a gift from Okawaru
 28613 | Spider:4 | Reached skill level 18 in Axes
 28971 | Spider:4 | Reached XP level 18. HP: 161/166 MP: 23/23
 29050 | Spider:4 | Acquired a manual of Armour
 29153 | Spider:4 | Paralysed by a jorogumo for 3 turns
 29154 | Spider:4 | HP: 2/166 [emperor scorpion (8)]
 29154 | Spider:4 | Mangled by a jorogumo

Illustrated notes

Levels and vault maps discovered:
D:1:      dpeg_arrival_prison, layout_loops_corners, serial_shops,
          nicolae_shop_behind_doors, item_on_display_b
D:2:      layout_loops_ring, corexii_item_surrounded_by_moat
D:3:      cheibrodos_pilgrimage, layout_basic
D:4:      layout_gridville, ebering_ghost_rock_garden, uniq_edmund
D:5:      layout_rooms
D:6:      layout_cave_pools
D:7:      layout_gridville, lemuel_round_altar,
          mainiacjoe_overflow_six_doors_small, minmay_temple_entry_sparse_star,
          uniq_menkaure
D:8:      layout_gridville, nicolae_gozag_seed_capital, uniq_pikel, uniq_harold,
          uniq_psyche, uniq_gastronok, uniq_maurice
D:9:      layout_stronghold, kennysheep_generic_room_12
D:10:     kennysheep_big_flooded_room, layout_loops_cross,
          gammafunk_temple_overflow_forgotten, nicolae_shop_overcharged_wands,
          uniq_joseph
D:11:     layout_grid_maze, lair_entry_dummy, fedhas_bush_and_centaur_altar
D:12:     minmay_two_paths, layout_rooms, hiddenorc1_lemuel
D:13:     layout_stronghold, david_vaults_2, st_stairs_13, minmay_orc_keep
D:14:     layout_loops_ring, nicolae_ru_awakened_eye, minmay_misc_feat_ornament
D:15:     grunt_enter_depths_giant_problem, layout_irregular_city,
          kennysheep_doodads
Temple:   regret_index_temple_sphere_string
Lair:1:   layout_small_grid, nicolae_quartered_pool_impasse,
          small_statue_intersection, lemuel_fruit_fields, serial_bayou_shore_b
Lair:2:   gammafunk_cloud_chamber, layout_regular_city, minmay_shoals_entry_hut,
          spider_nest_entry_web_field, basic_altar, uniq_nergalle
Lair:3:   layout_roguey, hellmonk_guarded_unrand_vines, grunt_megastairs_3,
          lemuel_fruit_fields
Lair:4:   layout_gridlike
Lair:5:   layout_layer_cave, slime_altar_1, nicolae_volcano_entry_s_turn,
          serial_bayou_shore_a, uniq_josephine, uniq_nessos
Lair:6:   evil_forest, layout_concentric_octagons, worms_lemuel
Spider:1: layout_spider_delve, nicolae_spider_undead_wolf_pack, uniq_nikola
Spider:2: layout_spider_delve, nicolae_spider_jagged_tunnels
Spider:3: layout_spider_delve
Spider:4: hellmonk_spider_rune_endless_swarm, nicolae_looking_at_the_future
Orc:1:    layout_diamond_mine, portal_ice_cave_entry_pillars_2
Orc:2:    st_orc_congregation, layout_caves, serial_shops, nicolae_shop_stone,
          shop, shop, shop_coins, dreamdust_deal_with_the_devil

Skill      XL: |  1  2  3  4  5  6  7  8  9 10 11 12 13 14 15 16 17 18 |
---------------+-------------------------------------------------------+-----
Axes           | 3 4 5 6 7 9 10 12 13 14 15 16 18 | 18.0
Armour         | 4 5 6 7 8 9 10 11 12 13 14 | 14.8
Fighting       | 4 5 6 7 8 9 10 11 13 14 15 | 15.9
Shields        | 4 |  4.0
Throwing       | 1 2 3 4 5 6 7 9 10 11 12 13 | 13.0
Invocations    | 2 4 5 7 8 9 |  9.0
Evocations     | 2 3 5 6 8 9 10 | 10.9
Dodging        | 1 5 7 8 10 | 10.4
Transmutations | 4 5 6 |  6.6

Action                   |  1- 3 |  4- 6 |  7- 9 | 10-12 | 13-15 | 16-18 || total
-------------------------+-------+-------+-------+-------+-------+-------++-------
Melee: War axe           |    99 |    78 |   135 |   336 |   246 |       ||   894
       Headbutt          |    10 |     9 |    21 |    94 |   153 |   138 ||   425
       Unarmed           |       |       |       |     2 |       |       ||     2
       Broad axe         |       |       |       |       |   404 |   542 ||   946
Throw: Dart              |       |     7 |     2 |    14 |       |    10 ||    33
       Boomerang         |       |       |       |    76 |   444 |   126 ||   646
       Throwing net      |       |       |       |     1 |       |       ||     1
       Javelin           |       |       |       |       |    16 |    17 ||    33
Invok: Heroism           |       |       |     1 |     1 |     1 |       ||     3
       Finesse           |       |       |       |       |     1 |     2 ||     3
Evoke: Wand              |       |       |       |       |     2 |       ||     2
  Use: Scroll            |     6 |     8 |     3 |    10 |    12 |     3 ||    42
       Potion            |       |       |     2 |       |     4 |     2 ||     8
 Stab: Held in net/web   |       |       |       |     1 |       |       ||     1
Armor: Scale mail        |    64 |    23 |    40 |    39 |       |       ||   166
       Skin              |       |       |       |     2 |       |       ||     2
       Acid dragon scale |       |       |       |    42 |       |       ||    42
       Troll leather arm |       |       |       |    58 |     3 |       ||    61
       Plate armour      |       |       |       |       |   386 |   413 ||   799
Dodge: Dodged            |    39 |    32 |    36 |   150 |   232 |   257 ||   746
       Repelled          |       |       |       |     2 |     5 |     3 ||    10
Block: Buckler           |    28 |    12 |    18 |    73 |   115 |   100 ||   346
       Kite shield       |       |       |       |       |       |    81 ||    81
